 Dungeon Crawl Stone Soup version 0.31-a0-851-g7ff8af7976 (webtiles) character file.

Game seed: 10331954140668510543

3170 Kurtz the Cleaver (level 9, -17/68 HPs)
             Began as a Mummy Delver on Oct 6, 2023.
             Was a Believer of Makhleb.
             Demolished by a large abomination (19 damage)
             ... on level 2 of the Abyss.
             The game lasted 00:14:52 (8918 turns).

Kurtz the Cleaver (Mummy Delver)                    Turns: 8918, Time: 00:14:52

Health: -17/68     AC: 13    Str:  9 (17) XL:     9   Next: 63%
Magic:  10/10      EV:  4    Int:  6 (9)  God:    Makhleb [**....]
Gold:   171        SH: 10    Dex: 14 (22) Spells: 8/8 levels left

rFire   . . .        h - +0 war axe
rCold   + . .        l - +0 buckler
rNeg    + + +        z - +4 chain mail
rPois   ∞            j - +0 helmet
rElec   .            (no cloak)
rCorr   .            (no gloves)
SInv    .            (no boots)
Will    +....        x - amulet of reflection Stlth
                     t - ring of protection from fire
HPRegen 0.31/turn    v - +6 ring of dexterity
MPRegen 0.12/turn

%: reflection, faith
@: no status effects
A: cold resistance 1, negative energy resistance 3, torment resistance 2, heat
vulnerability 1, in touch with death 1, no potions, faith
a: Renounce Religion, Minor Destruction


You were on level 2 of the Abyss.
You worshipped Makhleb.
Makhleb was pleased with you.
You visited 1 branch of the dungeon, and saw 8 of its levels.
You visited the Abyss 1 time.

You collected 388 gold pieces.
You spent 217 gold pieces at shops.

Inventory:

Hand Weapons
 a - a +0 hand axe
 h - a +0 war axe (weapon)
 w - a +0 mace of protection
Missiles
 n - 11 poisoned darts (quivered)
Armour
 j - a +0 helmet (worn)
 l - a +0 buckler (worn)
 z - a +4 chain mail (worn)
Jewellery
 r - an amulet of magic regeneration
 t - a ring of protection from fire (left hand)
 v - a +6 ring of dexterity (right hand)
 x - an amulet of reflection (around neck)
Wands
 f - a wand of digging (3)
Scrolls
 c - 2 scrolls of fog
 d - 4 scrolls of revelation
 i - 3 scrolls of identify
 k - 2 scrolls of noise
 o - a scroll of poison {unknown}
 p - 2 scrolls of immolation {unknown}
 q - 5 scrolls of amnesia
 u - a scroll of silence {unknown}
 y - a scroll of blinking {unknown}
 A - a scroll of enchant armour {unknown}


   Skills:
 - Level 5.1 Fighting
 - Level 8.9 Axes
 * Level 2.2 Armour
 * Level 2.5 Dodging
 - Level 4.1 Stealth
 * Level 4.7 Shields
 - Level 2.3 Invocations


You had 8 spell levels left.
You didn't know any spells.
Your spell library contained the following spells:

 Spells                   Type           Power      Damage    Failure   Level
 Slow                     Hex            0%         N/A       100%        1
 Confusing Touch          Hex            0%         N/A       100%        3
 Sigil of Binding         Hex            0%         N/A       100%        3
 Vampiric Draining        Necr           0%         2d6       100%        3
 Haunt                    Necr/Summ      0%         N/A       100%        7
 Borgnjor's Revivificati  Necr           Unusable   N/A       N/A         8
 Death's Door             Necr           Unusable   N/A       N/A         9

Dungeon Overview and Level Annotations

Branches:
Dungeon (8/15)             Temple (0/1) D:5            Lair (0/5) D:8

Altars:
Hepliaklqana
Makhleb
Nemelex Xobeh
Xom

Shops:
D:5 ![   D:8 :

Annotations:
D:7 exclusion: 2 downstairs
D:8 Psyche


Innate Abilities, Weirdness & Mutations

You are immune to poison.
Your flesh is cold resistant. (rC+)
You are immune to negative energy. (rN+++)
You are immune to unholy pain and torment.
You are vulnerable to heat. (rF-)
You are in touch with the powers of death.
You do not drink.
You have a special connection with the divine. (Faith)


Message History

Your body decomposes!
You feel clumsy.
The neqoxec shouts!
You hear a hideous shriek!
Unknown command.
The wretched star pulses with an eldritch light!
Your body decomposes!
You feel dopey. The iron imp attacks as it pursues you!
The iron imp hits you but does no damage.
The green death gestures at you.
The bolt of poison hits the iron imp!
The bolt of poison hits you but does no damage.
You resist.
Unknown command.
The wretched star pulses with an eldritch light!
The green death gestures at you.
The blast of poison engulfs you but does no damage.
You resist.
A large abomination comes into view.
A smoke demon comes into view.
The smoke demon roars!
The iron imp shouts, "Begone, thou beslubbering flammable simpleton!"
The iron imp puffs mist at you. The large abomination hits you.
The smoke demon gestures at you. Something smites you!
The green death gestures at you.
You block the large abomination's attack.
The green death gestures at you. The poison arrow hits you!
You partially resist.
* * * LOW HITPOINT WARNING * * *
A large abomination comes into view.
The smoke demon gestures at you. The ball of steam hits you!
* * * LOW HITPOINT WARNING * * *
You are engulfed in a cloud of scalding steam.
* * * LOW HITPOINT WARNING * * *
The large abomination attacks as it pursues you!
The large abomination hits you!!
You die...

# ~~ ## #. ##.###.
# ##...#.### #.X
..#...3§§@##.....
#..#..#§X§.#
#.#.#.#.##.# ##
#######. X.5○☼#..#
.###...○#3...x.○☼#
.# ..
##.#..*##2○°☼## .#
.#X5.##○○#☼☼.○☼.#
.
#...#...#.*#..#..#
#.
.#.○2######..#.#


You could see a green death, a wretched star, a large abomination, a small
abomination and an iron imp.

Vanquished Creatures
  A hornet (D:7)
  Prince Ribbit (D:8)
  2 steam dragons (D:8)
  A warg (D:8)
  An acid dragon (D:8)
  An orc warrior (D:8)
  A black bear (D:6)
  A sky beast (D:7)
  2 ogres (D:5)
  A centaur (D:8)
  4 phantoms
  A gnoll sergeant (D:8)
  3 scorpions
  3 bullfrogs
  5 killer bees
  4 howler monkeys
  4 orc priests
  3 jellies
  A gnoll bouda (D:8)
  A sleepcap (D:6)
  Ijyb (D:3)
  An iguana (D:4)
  2 orc wizards
  11 gnolls
  9 adders
  3 white imps
  2 dart slugs
  12 orcs
  6 ball pythons
  5 endoplasms
  10 giant cockroaches
  10 goblins
  7 hobgoblins
  5 jackals
  2 quokkas
  3 bats
  5 frilled lizards
  12 kobolds
  5 rats
152 creatures vanquished.

Vanquished Creatures (collateral kills)
  A shadow imp (D:8)
1 creature vanquished.

Vanquished Creatures (others)
  A scorpion (D:5)
1 creature vanquished.

Grand Total: 154 creatures vanquished

Notes
Turn   | Place    | Note
-------+----------+-------------------------------------------
     0 | D:5      | Kurtz the Mummy Delver began the quest for the Orb.
     0 | D:5      | Reached XP level 1. HP: 18/18 MP: 1/1
    59 | D:4      | Reached skill level 2 in Axes
    59 | D:4      | Reached XP level 2. HP: 21/24 MP: 2/2
   166 | D:2      | Found a sparkling altar of Nemelex Xobeh.
   438 | D:1      | Reached skill level 3 in Axes
   438 | D:1      | Reached XP level 3. HP: 14/29 MP: 3/3
  1246 | D:2      | Reached XP level 4. HP: 35/35 MP: 4/4
  2299 | D:3      | Reached skill level 4 in Axes
  2373 | D:3      | Noticed Ijyb
  2396 | D:3      | Killed Ijyb
  2397 | D:3      | Reached XP level 5. HP: 18/41 MP: 5/5
  2698 | D:4      | Noticed a phantom
  2707 | D:4      | Killed a phantom
  2739 | D:4      | Reached skill level 1 in Shields
  2773 | D:4      | Reached XP level 6. HP: 34/47 MP: 6/6
  2911 | D:4      | Found a hazy altar of Hepliaklqana.
  2914 | D:4      | Found a shimmering altar of Xom.
  2919 | D:4      | Found a burning altar of Makhleb.
  2993 | D:4      | Reached skill level 5 in Axes
  3259 | D:4      | Became a worshipper of Makhleb the Destroyer
  3773 | D:5      | Reached XP level 7. HP: 17/52 MP: 7/7
  3917 | D:5      | Reached skill level 6 in Axes
  4019 | D:5      | Reached skill level 1 in Invocations
  4073 | D:5      | Found a staircase to the Ecumenical Temple.
  4094 | D:5      | Found Laav Uph's Antique Armour Boutique.
  4095 | D:5      | Found Xavol's Distillery.
  5431 | D:6      | Reached XP level 8. HP: 45/58 MP: 8/8
  5830 | D:5      | Bought a glowing chain mail for 217 gold pieces
  5940 | D:7      | Noticed a hornet
  5948 | D:7      | Killed a hornet
  5949 | D:7      | Reached skill level 7 in Axes
  6805 | D:7      | Reached * piety under Makhleb
  6939 | D:8      | Reached skill level 8 in Axes
  6970 | D:8      | Reached XP level 9. HP: 30/66 MP: 10/10
  7152 | D:8      | Noticed Psyche
  7654 | D:8      | Reached skill level 5 in Fighting
  7732 | D:8      | Noticed Prince Ribbit
  7743 | D:8      | Found a staircase to the Lair.
  8232 | D:8      | Reached skill level 1 in Armour
  8253 | D:8      | Reached ** piety under Makhleb
  8388 | D:8      | Identified the +11 long sword of the Filigreed God {flame,
                  | Contam *Noise +Blink rPois Dex+3}
  8407 | D:8      | Killed Prince Ribbit
  8663 | D:8      | Found Xiuqem's Tremendous Tomes.
  8697 | Abyss:2  | Cast into level 2 of the Abyss (Psyche)
  8813 | Abyss:2  | Noticed a bone dragon
  8832 | Abyss:2  | Noticed an ancient zyme
  8833 | Abyss:2  | Noticed a wretched star
  8837 | Abyss:2  | Noticed a rakshasa
  8839 | Abyss:2  | Noticed a wretched star
  8842 | Abyss:2  | Noticed a large abomination
  8854 | Abyss:2  | Noticed a worldbinder
  8882 | Abyss:2  | Noticed a green death
  8908 | Abyss:2  | Noticed a large abomination
  8912 | Abyss:2  | Noticed a smoke demon
  8917 | Abyss:2  | Noticed a large abomination
  8918 | Abyss:2  | HP: 1/68 [something] (3)]
  8918 | Abyss:2  | Demolished by a large abomination

Illustrated notes

Levels and vault maps discovered:
D:1:      wander_arrival_estate, layout_loops_ring, nicolae_titane
D:2:      layout_basic, basic_altar, minmay_pentomino_s2
D:3:      minmay_angry_zag, layout_basic, uniq_ijyb
D:4:      layout_loops_cross, grunt_temple_overflow_diamond
D:5:      layout_basic, minmay_temple_entry_offerings, nicolae_wooded_promenade
D:6:      layout_basic, serial_glass, glass_columns_c, glass_columns_a
D:7:      layout_loops_corners, eino_tiny_chamber
D:8:      layout_loops_cross, erik_lair_orcish_takeover,
          nicolae_shop_i_like_big_books, uniq_prince_ribbit1, uniq_psyche
Abyss:2:  base: D:5, hangedman_summoners_spam, evilmike_abyss_exit_15,
          evilmike_abyss_exit_4, evilmike_abyss_exit_4

Skill      XL: |  1  2  3  4  5  6  7  8  9 |
---------------+----------------------------+-----
Axes           | 2 3 4 5 6 8 |  8.9
Shields        | 2 3 4 |  4.7
Invocations    | 1 2 |  2.3
Fighting       | 4 5 |  5.1
Armour         | 2 |  2.2
Dodging        | 2 |  2.5
Stealth        | |  4.1

Action                     |  1- 3 |  4- 6 |  7- 9 || total
---------------------------+-------+-------+-------++-------
  Melee: Hand axe          |    21 |       |       ||    21
         War axe           |    85 |   201 |   302 ||   588
  Throw: Dart              |       |    12 |    25 ||    37
 Invoke: Minor Destruction |       |       |     3 ||     3
  Evoke: Wand              |       |     2 |    26 ||    28
    Use: Scroll            |       |       |     6 ||     6
   Stab: Sleeping          |     3 |     4 |     1 ||     8
         Distracted        |     1 |       |       ||     1
 Armour: Leather armour    |    32 |       |       ||    32
         Scale mail        |    55 |    64 |       ||   119
         Ring mail         |       |    72 |    57 ||   129
         Chain mail        |       |       |   170 ||   170
  Dodge: Dodged            |    53 |   100 |   110 ||   263
  Block: Buckler           |    11 |    36 |   162 ||   209
         Reflection        |       |       |     3 ||     3

Table legend: (Time is in decaauts)
 A = Elapsed time spent in this place.
 B = Non-inter-level travel time spent in this place.
 C = Inter-level travel time spent in this place.
 D = Time resting spent in this place.
 E = Time spent auto-exploring this place.
 F = Levels seen in this place.
 G = Mean time per level.
                   A        B        C        D        E       F      G
               +--------+--------+--------+--------+--------+-----+--------+
         Total |   9072 |   8427 |    645 |   2285 |   4098 |   9 | 1008.0 |
       Dungeon |   8852 |   8207 |    645 |   2171 |   4098 |   8 | 1106.5 |
         Abyss |    220 |    220 |      0 |    114 |      0 |   1 |  220.0 |
               +--------+--------+--------+--------+--------+-----+--------+

Top non-repeatable levels by time:
     D:5: 1620 daAuts
     D:7: 1489 daAuts
     D:8: 1166 daAuts
     D:6: 973 daAuts
     D:3: 955 daAuts
     D:4: 935 daAuts
     D:2: 906 daAuts
     D:1: 804 daAuts
 Abyss:2: 220 daAuts
